cohdb
Replays
Latest Replays
All Replays
Popular Replays
Top Player Replays
Match Explorer
How It Works
Community
CoH3 Stats
Reddit
Sign in to upload your games and track your stats! →
Sign in with Steam
Match 41011185
Unlisted
Match 41011185
Overview
Messages
Build Orders
End
Kettenkrad Recon Vehicle
Construct Infanterie Kompanie
Selects Terror Battlegroup
Selects Machine Gun Camouflage
Selects Machine Gun Camouflage
Grenadier Squad
Grenadier Squad
MG 42 Machine Gun Team
Grenadier Squad
Construct Luftwaffe Kompanie
Support Elements
MG 42 Machine Gun Team
Grenadier Squad
Flak 30 Anti-aircraft Gun Team
Pioneer Squad
Wirbelwind Flakpanzer
Marder III M Tank Destroyer
Medical Station
Selects No Quarter
Grenadier Squad
Jäger Squad
Selects Interrogate
Selects Jericho Trumpet
Construct Panzer Kompanie
Selects Interrogate
Selects Propaganda Leaflet Drop
Propaganda Leaflet Drop
Selects V1 Rocket Strike
Panzer IV Medium Tank
V1 Rocket Strike
Propaganda Leaflet Drop
V1 Rocket Strike
MZMZ
jerjawe
BamboneWertherone ITA
bobidog101
0
0
Comments
sign in to comment!
No comments posted yet!